 Dungeon Crawl Stone Soup version 0.31-a0-1154-gadca813884 (webtiles) character file.

Game seed: 7031924074943469246

55 Arzdou the Sneak (level 3, 0/21 HPs)
             Began as an Octopode Earth Elementalist on Dec 7, 2023.
             Slain by a river rat (6 damage)
             ... on level 3 of the Dungeon.
             The game lasted 00:02:43 (1655 turns).

Arzdou the Sneak (Octopode Earth Elementalist)      Turns: 1655, Time: 00:02:44

Health: 0/21       AC:  1    Str:  7    XL:     3   Next: 93%
Magic:  3/6        EV: 13    Int: 19    God:
Gold:   56         SH:  0    Dex: 12    Spells: 3/7 levels left

rFire   . . .        b - +0 dagger
rCold   . . .        (no shield)
rNeg    . . .        (helmet restricted)
rPois   .            (no amulet)
rElec   .            (no ring)
rCorr   .            (no ring)
SInv    .            (no ring)
Will    .....        (no ring)
Stlth   ++++         (no ring)
HPRegen 0.23/turn    (no ring)
MPRegen 0.10/turn    (no ring)
                     (no ring)

%: no passive effects
@: no status effects
A: almost no armour, amphibious, 8 rings, camouflage 1, gelatinous body 1,
nimble swimmer 1, tentacles
a: no special abilities


You were on level 3 of the Dungeon.
You visited 1 branch of the dungeon, and saw 3 of its levels.

You collected 56 gold pieces.

Inventory:

Hand Weapons
 b - a +0 dagger (weapon)
Scrolls
 c - a scroll of identify {unknown}
 f - a scroll of blinking {unknown}
Potions
 a - a potion of magic
 d - a potion of lignification {unknown}
 e - 3 potions of heal wounds {unknown}


   Skills:
 - Level 2.1 Dodging
 + Level 3.9 Stealth
 + Level 2.5 Spellcasting
 - Level 1.2 Transmutations
 + Level 3.5 Earth Magic


You had 3 spell levels left.
You knew the following spells:

 Your Spells              Type           Power      Damage    Failure   Level
a - Sandblast             Erth           32%        2d9       3%          1
b - Stone Arrow           Conj/Erth      18%        3d8       22%         3

Your spell library contained the following spells:

 Spells                   Type           Power      Damage    Failure   Level
 Passwall                 Tmut/Erth      9%         N/A       9%          2
 Freeze                   Ice            8%         1d3       16%         1
 Frozen Ramparts          Ice            4%         1d1       43%         3
 Hailstorm                Conj/Ice       2%         3d5       43%         3
 Ozocubu's Armour         Ice            2%         N/A       43%         3
 Petrify                  Tmut/Erth      11%        N/A       52%         4
 Brom's Barrelling Bould  Conj/Erth      9%         2d3       58%         4
 Vhi's Electric Charge    Tloc/Air       4%         N/A       85%         4
 Arcjolt                  Conj/Air       1%         1d11      99%         5
 Metabolic Englaciation   Hex/Ice        1%         N/A       99%         5
 Simulacrum               Ice/Necr       1%         N/A       100%        6
 Maxwell's Capacitive Co  Air            1%         ∞         100%        8


Dungeon Overview and Level Annotations

Branches:
Dungeon (3/15)

Altars:


Innate Abilities, Weirdness & Mutations

You cannot wear most types of armour.
You are amphibious.
You can wear up to eight rings at the same time.
Your skin changes colour to match your surroundings (Stealth+).
Your rubbery body absorbs attacks. (AC +1, EV +1)
You are camouflaged when in or above water. (Stealth+)
You have tentacles for arms and can constrict up to eight enemies at once.


Message History

You open the door. As you open the door, it creaks loudly!
You see here a +0 leather armour.
Found a stone staircase leading down.
You see here a +0 leather armour.
Things that are here:
a +0 dagger; 5 stones; a +0 chain mail
There is an open door here.
Done exploring.
Done exploring.
There is an open door here.
There is a stone staircase leading down here.
You climb downwards.
You hear the sound of rushing water.
There is an entrance to a sewer on this level.
Hurry and find it before the portal rusts away!
Found a short sword.
There is a stone staircase leading up here.
A bat comes into view.
A rat, a river rat and a ball python come into view.
The rat squeaks loudly.
The ball python moves out of view.
You enter the shallow water.
The river rat squeaks loudly.
You hear an angry hiss.
You hear a loud squeak.
The blast of sand hits the rat.
You kill the rat!
The ball python hisses angrily.
You hear a loud squeak.
You hear an angry hiss.
You hear a shout!
The blast of sand hits the river rat but does no damage.
You hear a shout!
The river rat bites you! The river rat barely misses you.
The blast of sand hits the river rat.
The river rat is moderately wounded.
The river rat bites you!
* * * LOW HITPOINT WARNING * * *
You are too injured to fight recklessly!
A giant cockroach comes into view.
You hit the river rat. You grab the river rat.
The river rat is heavily wounded.
You constrict the river rat. The river rat bites you.
You die...

#. ## #.# #~# ...
#~# .. ## #B# #.
#~#S# #.## ##
##r# #..##..#
##@#~# ##......
#~#~#~#
####....#..
#.##### #....#.##
#..##.###.####..#
##.##)##..# #.#
#....#..## ..
#....#.## #.#
#......# .#
#<...### .#


You could see a river rat, a giant cockroach and a ball python.

Vanquished Creatures
  An adder (D:2)
  A dart slug (D:1)
  2 ball pythons
  4 endoplasms (D:2)
  3 giant cockroaches (D:1)
  5 goblins
  4 hobgoblins
  3 jackals
  2 quokkas (D:1)
  2 bats
  2 frilled lizards (D:2)
  6 kobolds
  3 rats
38 creatures vanquished.

Notes
Turn   | Place    | Note
-------+----------+-------------------------------------------
     0 | D:1      | Arzdou the Octopode Earth Elementalist began the quest for
                  | the Orb.
     0 | D:1      | Reached XP level 1. HP: 11/11 MP: 3/3
    88 | D:1      | Reached XP level 2. HP: 12/17 MP: 1/5
   369 | D:1      | You fall into a shaft and drop 1 floor!
   480 | D:1      | Reached XP level 3. HP: 21/21 MP: 3/6
  1058 | D:2      | Learned a level 3 spell: Stone Arrow
  1655 | D:3      | Slain by a river rat

Illustrated notes

Levels and vault maps discovered:
D:1:      roderic_crop_circles_arrival_small, layout_rooms
D:2:      minmay_general_purpose_star, layout_basic
D:3:      layout_rooms, mainiacjoe_sewer_entry_somewhere_in_here_1,
          saegor_snake_ambush, uniq_jessica

Skill      XL: |  1 |
---------------+----+-----
Stealth        | 3 |  3.9
Dodging        | |  2.1
Spellcasting   | |  2.5
Transmutations | |  1.2
Earth Magic    | |  3.5

Action                     || total
---------------------------++-------
  Melee: Unarmed           ||     3
         Tentacles         ||     4
         Constrict         ||     5
         Dagger            ||     6
   Cast: Sandblast         ||    53
   Stab: Sleeping          ||     2
 Armour: Skin              ||    25
  Dodge: Dodged            ||    36

Table legend: (Time is in decaauts)
 A = Elapsed time spent in this place.
 B = Non-inter-level travel time spent in this place.
 C = Inter-level travel time spent in this place.
 D = Time resting spent in this place.
 E = Time spent auto-exploring this place.
 F = Levels seen in this place.
 G = Mean time per level.
                   A        B        C        D        E       F      G
               +--------+--------+--------+--------+--------+-----+--------+
         Total |   1681 |   1586 |     95 |      0 |   1340 |   3 |  560.3 |
       Dungeon |   1681 |   1586 |     95 |      0 |   1340 |   3 |  560.3 |
               +--------+--------+--------+--------+--------+-----+--------+

Top non-repeatable levels by time:
     D:2: 928 daAuts
     D:1: 711 daAuts
     D:3: 42 daAuts
